 Dungeon Crawl Stone Soup version 0.31-a0-1-g4198be8af4 (webtiles) character file.

Game seed: 16517841469177236635

147 Barriton the Conjurer (level 5, -4/38 HPs)
             Began as a Draconian Conjurer on May 2, 2023.
             Slain by an ogre
             ... wielding a +0 giant spiked club
              (20 damage)
             ... on level 5 of the Dungeon.
             The game lasted 00:05:53 (3776 turns).

Barriton the Conjurer (Draconian Conjurer)          Turns: 3776, Time: 00:05:53

Health: -4/38      AC:  6    Str:  9    XL:     5   Next: 7%
Magic:  0/17       EV: 12    Int: 20    God:
Gold:   230        SH:  0    Dex: 10    Spells: 5/9 levels left

rFire   . . .        m - staff of death
rCold   . . .        (no shield)
rNeg    + . .        (body armour unavailable)
rPois   .            (helmet restricted)
rElec   .            n - scarf of the Buccaneer {+Inv, Fly}
rCorr   .            u - +0 pair of gloves
SInv    .            (no boots)
Will    .....        c - amulet of guardian spirit
Stlth   ++           e - ring of magical power
HPRegen 0.26/turn    (no ring)
MPRegen 0.15/turn

%: guardian spirit
@: flying
A: AC +5, unfitting armour, cold-blooded
a: Evoke Invisibility


You were on level 5 of the Dungeon.
You visited 1 branch of the dungeon, and saw 5 of its levels.

You collected 230 gold pieces.

Inventory:

Hand Weapons
 h - a +0 lajatang
Armour
 j - the +0 cloak of Tazuet {rPois rN+ Str+7 Dex-3}
   (You found it on level 2 of the Dungeon)

   Str:       It affects your strength (+7).
   Dex:       It affects your dexterity (-3).
   rPois:     It protects you from poison.
   rN:        It protects you from negative energy.
 n - the scarf of the Buccaneer (worn) {+Inv, Fly}
   (You found it on level 3 of the Dungeon)

   Fly:       It grants you flight.
 u - a +0 pair of gloves (worn)
Magical Staves
 m - a staff of death (weapon)
Jewellery
 c - an amulet of guardian spirit (around neck)
 e - a ring of magical power (left hand)
Wands
 d - a wand of roots (6)
 p - a wand of polymorph (6)
Scrolls
 b - a scroll of blinking
 t - 3 scrolls of teleportation
Potions
 a - 3 potions of magic
 f - 3 potions of curing
 g - a potion of heal wounds {unknown}
 i - 2 potions of haste {unknown}
 k - 3 potions of flight
 l - a potion of ambrosia {unknown}
 o - 3 potions of mutation {unknown}
 r - 4 potions of lignification
 s - a potion of degeneration {unknown}


   Skills:
 + Level 2.7 Dodging
 + Level 2.4 Stealth
 + Level 0.6 Unarmed Combat
 + Level 2.6 Spellcasting
 + Level 5.1 Conjurations


You had 5 spell levels left.
You knew the following spells:

 Your Spells              Type           Power      Damage    Failure   Level
a - Magic Dart            Conj           92%        1d7       1%          1
b - Searing Ray           Conj           46%        2d6       2%          2
c - Necrotise             Necr           16%        1d4       14%         1

Your spell library contained the following spells:

 Spells                   Type           Power      Damage    Failure   Level
 Apportation              Tloc           4%         N/A       16%         1
 Summon Small Mammal      Summ           8%         N/A       16%         1
 Dazzling Flash           Conj/Hex       24%        N/A       16%         3
 Sublimation of Blood     Necr           4%         N/A       22%         2
 Wereblood                Tmut           2%         N/A       22%         2
 Mephitic Cloud           Conj/Pois/Air  9%         N/A       22%         3
 Ignite Poison            Fire/Tmut/Pois 2%         N/A       41%         3
 Spider Form              Tmut/Pois      2%         N/A       41%         3
 Vampiric Draining        Necr           4%         2d6       41%         3
 Fulminant Prism          Conj/Hex       6%         3d7       45%         4
 Iskenderun's Mystic Bla  Conj/Tloc      12%        2d5       45%         4
 Agony                    Necr           4%         N/A       99%         5
 Alistair's Intoxication  Tmut/Pois      1%         N/A       99%         5
 Eringya's Noxious Bog    Tmut/Pois      1%         N/A       100%        6
 Summon Hydra             Summ           1%         N/A       100%        7


Dungeon Overview and Level Annotations

Branches:
Dungeon (5/15)
 Temple: D:4-7

Altars:
Ashenzari
Makhleb
Nemelex Xobeh
Yredelemnul


Innate Abilities, Weirdness & Mutations

Your plain brown scales are hard. (AC +5)
You cannot fit into any form of body armour.
You are cold-blooded and may be slowed by cold attacks.


Message History

Confirm with . or Enter, or press ? or * to list all spells.
Aiming: Magic Dart (safe; 1% risk of failure)
Press: ? - help, Shift-Dir - straight line, f - ogre
Aim: an ogre, wielding a +0 giant spiked club (asleep, 100% to hit)
The magic dart hits the ogre.
The ogre is lightly wounded.
Casting: Magic Dart (safe; 1% risk of failure)
Confirm with . or Enter, or press ? or * to list all spells.
Aiming: Magic Dart (safe; 1% risk of failure)
Press: ? - help, Shift-Dir - straight line, f/p - ogre
Aim: an ogre, wielding a +0 giant spiked club (lightly wounded, 100% to hit)
The magic dart hits the ogre.
The ogre is lightly wounded.
You feel a surge of power!
You miscast Necrotise.
You are very lightly contaminated with residual magic.
Nothing appears to happen.
You feel a surge of power!
The ogre resists with some effort.
You feel a surge of power!
The ogre resists with some effort.
Casting: Necrotise (safe; 14% risk of failure)
Confirm with . or Enter, or press ? or * to list all spells.
Aiming: Searing Ray (safe; 2% risk of failure)
Press: ? - help, Shift-Dir - straight line, f/p - ogre
Aim: an ogre, wielding a +0 giant spiked club (lightly wounded, 89% to hit)
The searing ray hits the ogre.
The ogre is moderately wounded. (Press . to maintain the ray.)
The searing ray hits the ogre!
The ogre is heavily wounded.
The ogre hits you with a +0 giant spiked club!!
Ouch! That really hurt!
The searing ray hits the ogre.
The ogre is severely wounded.
The searing ray hits the ogre.
The ogre is almost dead.
You finish channelling your searing ray.
The ogre misses you.
Your magical contamination has completely faded away.
The ogre hits you with a +0 giant spiked club!!
Ouch! That really hurt!
You die...

.... ... #..
... #.# #.#
#O# # #@#
#.####.#
.#.#..<.#.##
#...........#
###.####.####
.. #[# # #.#
#.# #>#


You could see an ogre.

Vanquished Creatures
  8 adders
  2 worms (D:3)
  A dart slug (D:3)
  10 ball pythons
  7 endoplasms
  A giant cockroach (D:2)
  7 goblins
  6 hobgoblins
  6 jackals
  7 kobolds
  5 bats
  A frilled lizard (D:3)
  4 rats
65 creatures vanquished.

Notes
Turn   | Place    | Note
-------+----------+-------------------------------------------
     0 | D:1      | Barriton the Draconian Conjurer began the quest for the
                  | Orb.
     0 | D:1      | Reached XP level 1. HP: 14/14 MP: 3/3
   401 | D:1      | Reached XP level 2. HP: 20/20 MP: 3/5
  1267 | D:2      | Reached XP level 3. HP: 26/26 MP: 4/6
  1409 | D:2      | Got the Volume of the Dose
  1609 | D:2      | Identified the +0 cloak of Tazuet {rPois rN+ Str+7 Dex-3}
  1647 | D:2      | Reached XP level 4. HP: 33/33 MP: 7/7
  1883 | D:2      | Reached skill level 5 in Conjurations
  2028 | D:3      | Identified the scarf of the Buccaneer {+Inv, Fly}
  2239 | D:3      | Found a sparkling altar of Nemelex Xobeh.
  2307 | D:3      | Learned a level 2 spell: Searing Ray
  2496 | D:3      | Found a basalt altar of Yredelemnul.
  2720 | D:3      | Reached XP level 5. HP: 38/38 MP: 8/8
  2802 | D:3      | Learned a level 1 spell: Necrotise
  2838 | D:3      | Found a burning altar of Makhleb.
  2858 | D:3      | Identified a scroll of acquirement
  2858 | D:3      | Acquired a staff of death
  3337 | D:4      | Found a broken altar of Ashenzari.
  3761 | D:5      | Entered Level 5 of the Dungeon
  3766 | D:5      | Noticed an ogre
  3776 | D:5      | Slain by an ogre

Illustrated notes

Levels and vault maps discovered:
D:1:      minmay_arrival_diagonal_passages, layout_basic
D:2:      layout_rooms, minmay_tetromino_i2
D:3:      layout_rooms, lemuel_round_altar, nemelex_altar_shiori,
          mainiacjoe_overflow_alcove_2
D:4:      layout_cave_pods, nicolae_overflow_crystal_walls
D:5:      layout_basic, fedhas_altar_1, minmay_temple_entry_large_hall,
          serial_shops, shop, dreamdust_gnoll_farm

Skill      XL: |  1  2  3  4 |
---------------+-------------+-----
Stealth        | 2 |  2.4
Dodging        | 2 |  2.7
Conjurations   | 5 |  5.1
Unarmed Combat | |  0.6
Spellcasting   | |  2.6

Action                     |  1- 3 |  4- 6 || total
---------------------------+-------+-------++-------
  Melee: Unarmed           |    59 |     5 ||    64
         Tailslap          |     2 |     1 ||     3
         Punch             |     1 |       ||     1
   Cast: Magic Dart        |    66 |    68 ||   134
         Necrotise         |       |    10 ||    10
         Searing Ray       |       |     1 ||     1
    Use: Scroll            |     2 |     7 ||     9
 Armour: Skin              |    40 |     3 ||    43
  Dodge: Dodged            |    48 |     7 ||    55

Table legend: (Time is in decaauts)
 A = Elapsed time spent in this place.
 B = Non-inter-level travel time spent in this place.
 C = Inter-level travel time spent in this place.
 D = Time resting spent in this place.
 E = Time spent auto-exploring this place.
 F = Levels seen in this place.
 G = Mean time per level.
                   A        B        C        D        E       F      G
               +--------+--------+--------+--------+--------+-----+--------+
         Total |   3773 |   3649 |    124 |      0 |   3217 |   5 |  754.6 |
       Dungeon |   3773 |   3649 |    124 |      0 |   3217 |   5 |  754.6 |
               +--------+--------+--------+--------+--------+-----+--------+

Top non-repeatable levels by time:
     D:1: 1155 daAuts
     D:4: 883 daAuts
     D:3: 861 daAuts
     D:2: 859 daAuts
     D:5: 14 daAuts
